 Dungeon Crawl Stone Soup version 0.24.1-14-gf8d2b509d9 (webtiles) character file.

Game seed: 14565595271667524987, levelgen mode: deterministic

315 mortelune the Changer (level 6, -2/41 HPs)
             Began as an Octopode Transmuter on May 17, 2020.
             Slain by a slave (7 damage)
             ... led by Pikel
             ... on level 3 of the Dungeon.
             The game lasted 00:07:24 (5153 turns).

mortelune the Changer (Octopode Transmuter)         Turns: 5153, Time: 00:07:24

Health: -2/41      AC:  1    Str:  9    XL:     6   Next: 43%
Magic:  10/11      EV: 14    Int: 17    God:
Gold:   14         SH:  0    Dex: 13    Spells: 2/12 levels left

rFire    . . .     SeeInvis .     - Unarmed
rCold    . . .     Gourm    .   (no shield)
rNeg     . . .     Faith    +   (helmet restricted)
rPois    .         Spirit   .   a - amulet of faith
rElec    .         Reflect  .   (no ring)
rCorr    .         Harm     .   (no ring)
MR       .....                  (no ring)
Stlth    ++........             (no ring)
HPRegen  0.13/turn              (no ring)
MPRegen  0.12/turn              (no ring)
                                (no ring)
                                (no ring)

@: about to teleport
A: almost no armour, stealthy swim, amphibious, 8 rings, constrict 8, camouflage
1, gelatinous body 1
a: no special abilities


You were on level 3 of the Dungeon.
You were hungry.

You visited 1 branch of the dungeon, and saw 4 of its levels.

You collected 168 gold pieces.
You spent 154 gold pieces at shops.

Inventory:

Hand Weapons
 b - a +0 hunting sling
Missiles
 f - 3 silver boomerangs (quivered)
 Q - 156 stones
Magical Staves
 n - an uncursed staff of summoning {unknown}
Jewellery
 a - an amulet of faith (around mantle)
Wands
 p - a wand of iceblast (8)
Scrolls
 e - 3 scrolls of fear {unknown}
 g - 3 scrolls of identify {unknown}
 j - a scroll of enchant weapon {unknown}
 k - a scroll of teleportation
 m - a scroll of magic mapping {unknown}
Potions
 d - 2 potions of agility {unknown}
 h - a potion of curing
 i - a potion of flight {unknown}
 o - a potion of heal wounds
Comestibles
 c - 8 rations


   Skills:
 + Level 2.4 Fighting
 + Level 3.0 Dodging
 + Level 3.7 Unarmed Combat
 * Level 3.6 Spellcasting
 * Level 3.8 Transmutations


You had 2 spell levels left.
You knew the following spells:

 Your Spells              Type           Power        Failure   Level  Hunger
a - Beastly Appendage     Tmut           ###...       3%          1    None
b - Sticks to Snakes      Tmut           ###.....     4%          2    ##.....
c - Spider Form           Tmut/Pois      #.........   22%         3    ###....
d - Ice Form              Ice/Tmut       #.......     58%         4    ####...

Your spell library contained the following spells:

 Spells                   Type           Power        Failure   Level  Hunger
 Blade Hands              Tmut           ###.......   67%         5    ######.


Dungeon Overview and Level Annotations

Branches:
Dungeon (4/15)
 Temple: D:4-7

Altars:
Ashenzari
Dithmenos
Trog
The Shining One

Shops:
D:4 *

Annotations:
D:3 Pikel
D:4 1 transporter, PIKKUHERKKO's ghost, novice HOMo


Innate Abilities, Weirdness & Mutations

You cannot wear most types of armour.
You are very stealthy in the water. (Stealth+)
You are amphibious.
You can wear up to eight rings at the same time.
You can use your tentacles to constrict eight enemies at once.
Your skin changes colour to match your surroundings (Stealth+).
Your rubbery body absorbs attacks. (AC +1, EV +1)


Message History

You tentacle-slap Pikel. You grab Pikel.
Pikel is moderately wounded.
You constrict Pikel. The slave completely misses you.
Pikel zaps a wand.
You resist with some effort.
You tentacle-slap Pikel. You squeeze Pikel.
Pikel is heavily wounded.
You constrict Pikel. The slave hits you. Pikel barely misses you.
You tentacle-slap Pikel but do no damage.
Pikel is heavily wounded.
You constrict Pikel, but do no damage. The slave barely misses you.
Pikel barely misses you.
You barely miss Pikel.
Pikel is heavily wounded.
You constrict Pikel. The slave hits you.
Pikel hits you with a +1 whip of electrocution.
You are electrocuted!
* * * LOW HITPOINT WARNING * * *
As you read the scroll of teleportation, it crumbles to dust.
You feel strangely unstable.
You constrict Pikel. The slave hits you!
You die...

#........# #.# #.# .........#
#.# #.# .......### #.# #.#
.......# #.# #.# ##.....# #.#
#.# ##.....# #.# #.# #......#
#.# #.#
#...#################.#####.#
....'..........K@p....#.....#
#...###################.#####
##### #.# #.# #.# #.# #.# #.#
#.#


You could see Pikel and a slave.

Vanquished Creatures
  A slave (D:4)
  A hound (D:4)
  An orc wizard (D:3)
  A killer bee zombie (D:3)
  A gnoll (D:1)
  7 adders
  4 worms
  3 dart slugs
  7 leopard geckos
  9 orcs
  9 bats
  3 giant cockroaches
  12 goblins
  16 hobgoblins
  3 jackals (D:1)
  3 quokkas
  A ball python (D:1)
  3 frilled lizards
  5 kobolds
  7 rats
97 creatures vanquished.

Vanquished Creatures (collateral kills)
  A scorpion (D:4)
  A worker ant (D:4)
2 creatures vanquished.

Grand Total: 99 creatures vanquished

Notes
Turn   | Place    | Note
-------+----------+-------------------------------------------
     0 | D:1      | mortelune the Octopode Transmuter began the quest for the
                  | Orb.
     0 | D:1      | Reached XP level 1. HP: 13/13 MP: 3/3
    26 | D:1      | Reached XP level 2. HP: 18/18 MP: 5/5
   121 | D:1      | Reached XP level 3. HP: 20/23 MP: 6/6
   125 | D:1      | Learned a level 2 spell: Sticks to Snakes
   129 | D:1      | Learned a level 3 spell: Spider Form
  1084 | D:2      | Reached XP level 4. HP: 27/28 MP: 1/8
  1222 | D:2      | Found a glowing golden altar of the Shining One.
  1240 | D:2      | Found a faded altar of an unknown god.
  1899 | D:2      | You fall into a shaft and drop 1 floor!
  2548 | D:3      | Reached XP level 5. HP: 27/34 MP: 9/9
  2657 | D:3      | Learned a level 4 spell: Ice Form
  2802 | D:3      | Found a shadowy altar of Dithmenos.
  3318 | D:3      | Found a bloodstained altar of Trog.
  3318 | D:3      | Found a shattered altar of Ashenzari.
  4236 | D:4      | Noticed Pikel
  4236 | D:4      | Noticed a slave
  4236 | D:4      | Noticed a slave
  4236 | D:4      | Noticed a slave
  4236 | D:4      | Noticed a slave
  4292 | D:4      | Reached XP level 6. HP: 29/39 MP: 9/11
  4517 | D:4      | Found Ucsif's General Store.
  4642 | D:4      | Bought a scroll of teleportation for 42 gold pieces
  4642 | D:4      | Bought a potion of curing for 42 gold pieces
  4642 | D:4      | Bought a potion of heal wounds for 70 gold pieces
  4670 | D:4      | Found a transporter.
  4670 | D:4      | Noticed PIKKUHERKKO's ghost (novice HOMo)
  4701 | D:4      | Killed a slave
  5153 | D:3      | Slain by a slave

Levels and vault maps discovered:
D:1:      dpeg_arrival_shelter, layout_loops_ring
D:2:      layout_basic, lemuel_doored_altar, chequers_ecumenical_altar_simple,
          guppyfry_early_orc_mine
D:3:      layout_basic, gammafunk_temple_overflow_elements, first_ration,
          grunt_dithmenos_smoke_and_mirrors
D:4:      layout_cave_pools, kennysheep_mini, gammafunk_ghost_mausoleum,
          serial_shops, nicolae_shop_behind_doors, uniq_pikel

Skill      XL: |  1  2  3  4  5  6 |
---------------+-------------------+-----
Transmutations | 3 |  3.8
Spellcasting   | 3 |  3.6
Fighting       | 2 |  2.4
Dodging        | 3 |  3.0
Unarmed Combat | |  3.7

Action                   |  1- 3 |  4- 6 || total
-------------------------+-------+-------++-------
Melee: Unarmed           |    76 |   176 ||   252
       Tentacles         |    18 |    22 ||    40
       Punch             |     3 |     2 ||     5
       Constrict         |    20 |    35 ||    55
       Kick              |       |    11 ||    11
 Cast: Spider Form       |     1 |     5 ||     6
       Beastly Appendage |       |     9 ||     9
       Sticks to Snakes  |       |    12 ||    12
  Use: Scroll            |       |     2 ||     2
 Stab: Sleeping          |     4 |     9 ||    13
       Distracted        |       |     2 ||     2
  Eat: Chunk             |     1 |    13 ||    14
Armor: Skin              |     6 |     6 ||    12
Dodge: Dodged            |    51 |   117 ||   168
